 Dungeon Crawl Stone Soup version 0.22-a0-542-gce4f928 (webtiles) character file.

137 iamserjio the Ruffian (level 5, 5/47 HPs)
             Began as a Draconian Monk on June 24, 2018.
             Quit the game on level 4 of the Dungeon.
             The game lasted 00:04:57 (714 turns).

iamserjio the Ruffian (Draconian Monk)               Turns: 714, Time: 00:04:58

Health: 5/47       AC:  8    Str: 14    XL:     5   Next: 0%
Magic:  5/5        EV: 13    Int: 11    God:
Gold:   78         SH:  0    Dex: 13    Spells: 4/4 levels left

rFire    . . .     SeeInvis .     - Unarmed
rCold    . . .     Gourm    .   (no shield)
rNeg     . . .     Faith    .   (armour unavailable)
rPois    .         Spirit   .   (helmet restricted)
rElec    .         Reflect  .   j - +2 cloak
rCorr    .         Harm     .   (no gloves)
MR       .....                  (no boots)
Stlth    ++........             (no amulet)
HPRegen  0.15/turn              (no ring)
MPRegen  0.09/turn              (no ring)

@: lethally poisoned (5 -> -8)
A: unfitting armour, cold-blooded, AC +5
a: no special abilities


You were on level 4 of the Dungeon.
You were not hungry.

You visited 1 branch of the dungeon, and saw 4 of its levels.

You collected 78 gold pieces.

Inventory:

Hand Weapons
 d - the +6 dagger of the Harvest {holy, rF+ rN++ Int+4, unknown}
   (You found it on level 4 of the Dungeon)

   It has been blessed by the Shining One to cause great damage to the undead
   and demons.
   It affects your intelligence (+4).
   It protects you from fire.
   It greatly protects you from negative energy.
Missiles
 b - 13 stones (quivered)
 c - 7 tomahawks
 l - 12 poisoned needles
Armour
 j - a +2 cloak (worn)
Scrolls
 f - a scroll of remove curse {@r2}
 g - a scroll of blinking {unknown}
 k - a scroll of identify {@r1}
 m - a scroll of amnesia
Comestibles
 a - 3 rations


   Skills:
 + Level 4.4 Fighting
 - Level 2.6 Dodging
 - Level 1.7 Stealth
 * Level 5.0 Unarmed Combat


You had 4 spell levels left.
You didn't know any spells.
Your spell library was empty.

Dungeon Overview and Level Annotations

Branches:
Dungeon (4/15)
 Temple: D:4-7

Altars:
Sif Muna
The Shining One


Innate Abilities, Weirdness & Mutations

Your plain brown scales are hard. (AC +5)
You cannot fit into any form of body armour.
You are cold-blooded and may be slowed by cold attacks.


Message History

The worker ant bites you but does no damage.
You barely miss the worker ant. The worker ant misses you.
As you read the scroll labeled NIVEABR ZYFEIK, it crumbles to dust.
The dust glows shimmering azure!
It was a scroll of random uselessness.
The worker ant bites you.
* * * LOW HITPOINT WARNING * * *
As you read the scroll of identify {@r1}, it crumbles to dust.
m - a scroll of amnesia The worker ant barely misses you.
The worker ant bites you.
* * * LOW HITPOINT WARNING * * *
You are poisoned.
The worker ant poisons you!
As you read the scroll labeled MENGOY GOMPIEJ, it crumbles to dust.
The scroll dissolves into smoke.
It was a scroll of fog.
You feel sick. The worker ant bites you.
* * * LOW HITPOINT WARNING * * *
You are more poisoned.
The worker ant poisons you!
You aren't carrying any potions.
Are you sure you want to abandon this character and quit the game? (Confirm with "yes".)

......##.#####.#
......... ....##
......#.##.....#
#..........# #..#..######
#....## #.†###
...##..#############
#.......sa@§§.....####
##......§######......#
.......#...#####......#
#.....................#
###...................#
####..##................#
#....# #........†.......#
####....#
#................#
.#......#
#..........#######


You could see a scorpion and a worker ant.

Vanquished Creatures
  A howler monkey (D:4)
  2 worker ants (D:4)
  2 adders
  A leopard gecko (D:1)
  4 orcs (D:3)
  A bat (D:2)
  2 giant cockroaches
  2 goblins
  3 hobgoblins
  5 jackals
  2 frilled lizards (D:1)
  2 kobolds (D:1)
  A leopard gecko skeleton (D:2)
  2 rats
30 creatures vanquished.

Notes
Turn   | Place    | Note
-------+----------+-------------------------------------------
     0 | D:1      | iamserjio the Draconian Monk began the quest for the Orb.
     0 | D:1      | Reached XP level 1. HP: 19/19 MP: 1/1
   114 | D:1      | Reached XP level 2. HP: 20/26 MP: 2/2
   144 | D:2      | Found a deep blue altar of Sif Muna.
   183 | D:3      | Found a glowing golden altar of the Shining One.
   478 | D:3      | Reached XP level 3. HP: 19/33 MP: 3/3
   539 | D:3      | Reached skill level 4 in Unarmed Combat
   634 | D:4      | Reached XP level 4. HP: 14/40 MP: 4/4
   656 | D:4      | Got a jewelled dagger
   689 | D:4      | Reached skill level 5 in Unarmed Combat
   689 | D:4      | Reached XP level 5. HP: 10/47 MP: 5/5
   714 | D:4      | Quit the game

Vault maps used:
D:1:      dpeg_arrival_rooms_a, kennysheep_minor_cross, serial_bayou_pond_c
D:2:      okawaru_altar_gauntlet_db, lemuel_blue_sif_altar, marbit_many_paths,
          lemuel_doored_altar, chequers_ecumenical_altar_island
D:3:      tso_oasis_becter, roderic_batcave
D:4:      zin_treasury, first_ration, st_stairs_3

Skill      XL: |  1  2  3  4 |
---------------+-------------+-----
Unarmed Combat | 4 5 |  5.0
Fighting       | 4 |  4.4
Dodging        | |  2.6
Stealth        | |  1.7

Action                   |  1- 3 |  4- 6 || total
-------------------------+-------+-------++-------
Melee: Unarmed           |   122 |    12 ||   134
       Punch             |     4 |       ||     4
       Tailslap          |     9 |     2 ||    11
  Use: Potion            |     3 |       ||     3
       Scroll            |       |     4 ||     4
 Stab: Sleeping          |     4 |       ||     4
Armor: Skin              |    28 |     3 ||    31
Dodge: Dodged            |    62 |    12 ||    74

Table legend:
 A = Spawn XP
 B = Non-spawn XP
 C = Spawn XP percentage of total XP
 D = Spawn monster count
 E = Non-spawn monster count
 F = Spawn count percentage of total count
 G = Total turns spent on level
                    A         B        C        D         E        F      G
               +---------+---------+-------+---------+---------+-------+---------
         Total |       0 |     196 |   0.0 |       0 |      30 |   0.0 |   714
               +---------+---------+-------+---------+---------+-------+---------
           D:1 |       0 |      21 |   0.0 |       0 |      12 |   0.0 |   206
           D:2 |       0 |       5 |   0.0 |       0 |       3 |   0.0 |   104
           D:3 |       0 |      35 |   0.0 |       0 |      10 |   0.0 |   276
           D:4 |       0 |     135 |   0.0 |       0 |       5 |   0.0 |   128
               +---------+---------+-------+---------+---------+-------+---------
